 Dungeon Crawl Stone Soup version 0.27.1 (webtiles) character file.

Game seed: 8939023524065764002

170 bnorton916 the Conjurer (level 5, 0/28 HPs)
             Began as a Deep Elf Conjurer on Aug 31, 2021.
             Was an Initiate of Ashenzari.
             Slain by Blork the orc (1 damage)
             ... on level 4 of the Dungeon.
             The game lasted 00:03:49 (2967 turns).

bnorton916 the Conjurer (Deep Elf Conjurer)         Turns: 2967, Time: 00:03:50

Health: 0/28       AC:  2    Str:  4    XL:     5   Next: 26%
Magic:  5/15       EV: 12    Int: 24    God:    Ashenzari [......]
Gold:   159        SH:  0    Dex: 13    Spells: 12/15 levels left

rFire    . . .     SeeInvis .   (no weapon)
rCold    . . .     Faith    .   (no shield)
rNeg     . . .     Spirit   .   a - +0 robe
rPois    .         Reflect  .   (no helmet)
rElec    .         Harm     .   (no cloak)
rCorr    .         Rampage  .   (no gloves)
Will     .....                  (no boots)
Stlth    ++........             (no amulet)
HPRegen  0.09/turn              (no ring)
MPRegen  0.14/turn              (no ring)

@: no status effects
A: no striking features
a: Renounce Religion


You were on level 4 of the Dungeon.
You worshipped Ashenzari.
Ashenzari was noncommittal.
You visited 1 branch of the dungeon, and saw 4 of its levels.

You collected 159 gold pieces.

Inventory:

Hand Weapons
 d - a +2 vampiric short sword
 j - a +1 dagger of venom
Missiles
 b - 125 stones
Armour
 a - a +0 robe (worn)
Scrolls
 c - 2 scrolls of noise
 e - 3 scrolls of identify
 f - a scroll of amnesia
 h - a scroll of vulnerability
 i - a scroll of teleportation
Potions
 g - 2 potions of curing


   Skills:
 - Level 2.4 Dodging
 - Level 2.4 Stealth
 + Level 5.6 Spellcasting
 + Level 6.0 Conjurations


You had 12 spell levels left.
You knew the following spells:

 Your Spells              Type           Power      Damage    Failure   Level
a - Magic Dart            Conj           100%       1d8       1%          1
b - Searing Ray           Conj           70%        3d5       1%          2

Your spell library contained the following spells:

 Spells                   Type           Power      Damage    Failure   Level
 Dazzling Flash           Conj/Hex       42%        N/A       7%          3
 Fulminant Prism          Conj/Hex       10%        3d9       24%         4
 Iskenderun's Mystic Bla  Conj/Tloc      21%        2d6       24%         4


Dungeon Overview and Level Annotations

Branches:
Dungeon (4/15)
 Temple: D:4-7

Altars:
Ashenzari
Fedhas
Hepliaklqana

Annotations:
D:4 Blork the orc


Message History

Aim: a worm (heavily wounded, 100% to hit)
The magic dart hits the worm.
The worm is severely wounded.
Blork the orc comes into view.
He is wielding a +2 hand axe of freezing and wearing a +2 robe of willpower.
Casting: Magic Dart (safe; 1% risk of failure)
Confirm with . or Enter, or press ? or * to list all spells.
Aiming: Searing Ray (safe; 1% risk of failure)
Press: ? - help, Shift-Dir - straight line, f - Blork the orc, p - worm
Aim: Blork the orc, wielding a +2 hand axe of freezing and wearing a +2 robe of willpower (83% to hit)
The searing ray hits the worm!
You kill the worm!
The searing ray hits Blork the orc.
Blork the orc is lightly wounded. (Press . to maintain the ray.) Blork the orc mumbles some strange words.
Blork the orc seems to speed up.
The searing ray hits Blork the orc.
Blork the orc is moderately wounded.
The searing ray hits Blork the orc!
Blork the orc is heavily wounded.
Blork the orc barely misses you.
The searing ray misses Blork the orc.
You finish channeling your searing ray.
Blork the orc closely misses you.
Blork the orc hits you with a +2 hand axe of freezing!
Blork the orc freezes you.
Blork the orc hits you with a +2 hand axe of freezing.
Blork the orc freezes you.
Unknown command.
Casting: Searing Ray (safe; 1% risk of failure)
Confirm with . or Enter, or press ? or * to list all spells.
Aiming: Searing Ray (safe; 1% risk of failure)
Press: ? - help, Shift-Dir - straight line, f/p - Blork the orc
Aim: Blork the orc, wielding a +2 hand axe of freezing and wearing a +2 robe of willpower (heavily wounded, fast, 83% to hit)
The searing ray hits Blork the orc.
Blork the orc is heavily wounded. (Press . to maintain the ray.) Blork the orc hits you with a +2 hand axe of freezing!
* * * LOW HITPOINT WARNING * * *
Blork the orc freezes you.
You die...

##### ## ...> .#
..# .# #.# .#
######.##.#####
#.....<......^##
#.####.)@.......
####o###.#. )#
.. .## .# ##


You could see Blork the orc (fast).

Vanquished Creatures
  Natasha (twice) (D:3)
  4 gnolls (D:3)
  3 worms
  A dart slug (D:1)
  6 bats
  5 endoplasms
  3 giant cockroaches
  8 goblins
  11 hobgoblins
  5 kobolds
  3 quokkas
  5 ball pythons
  2 frilled lizards
  9 rats
67 creatures vanquished.

Notes
Turn   | Place    | Note
-------+----------+-------------------------------------------
     0 | D:1      | bnorton916 the Deep Elf Conjurer began the quest for the
                  | Orb.
     0 | D:1      | Reached XP level 1. HP: 10/10 MP: 6/6
     3 | D:1      | Noticed an electric eel
     4 | D:1      | Noticed an electric eel
   368 | D:1      | Found a faded altar of an unknown god.
   428 | D:1      | Reached XP level 2. HP: 15/15 MP: 4/8
  1198 | D:2      | Reached skill level 5 in Conjurations
  1229 | D:2      | Reached XP level 3. HP: 19/19 MP: 8/10
  1232 | D:2      | Learned a level 2 spell: Searing Ray
  1999 | D:3      | Reached XP level 4. HP: 24/24 MP: 7/12
  2090 | D:3      | Reached skill level 5 in Spellcasting
  2323 | D:3      | Found a blossoming altar of Fedhas.
  2325 | D:3      | Noticed Natasha
  2335 | D:3      | Killed Natasha
  2364 | D:3      | Noticed Natasha
  2369 | D:3      | Killed Natasha
  2370 | D:3      | Reached XP level 5. HP: 28/28 MP: 6/15
  2702 | D:3      | Reached skill level 6 in Conjurations
  2730 | D:3      | Found a hazy altar of Hepliaklqana.
  2730 | D:3      | Found a broken altar of Ashenzari.
  2793 | D:3      | Became a worshipper of Ashenzari the Shackled
  2961 | D:4      | Noticed Blork the orc
  2967 | D:4      | HP: 1/28 [Blork the orc (8)]
  2967 | D:4      | Slain by Blork the orc

Illustrated notes

Levels and vault maps discovered:
D:1:      arrival_aquarium_b, layout_loops_corners,
          ebering_ecumenical_altar_sacrificial, hex_medium
D:2:      layout_rooms
D:3:      minmay_angry_zag, layout_loops_ring, mainiacjoe_overflow_divided_tiny,
          mainiacjoe_overflow_small_starburst, uniq_natasha
D:4:      layout_loops_ring, grunt_ministairs_1, uniq_blork_the_orc, uniq_pikel

Skill      XL: |  1  2  3  4  5 |
---------------+----------------+-----
Spellcasting   | 4 5 |  5.6
Conjurations   | 5 6 |  6.0
Dodging        | |  2.4
Stealth        | |  2.4

Action                   |  1- 3 |  4- 6 || total
-------------------------+-------+-------++-------
 Cast: Magic Dart        |    79 |    49 ||   128
       Searing Ray       |     2 |     3 ||     5
Dodge: Dodged            |     3 |     2 ||     5
